 Dungeon Crawl Stone Soup version 0.28.0-1-gb440e238dd (webtiles) character file.

Game seed: 15224563745169042253

456 Morbidden the Slasher (level 6, -1/48 HPs)
             Began as a Demonspawn Fighter on Feb 20, 2022.
             Slain by a scorpion (7 damage)
             ... on level 4 of the Dungeon.
             The game lasted 00:02:45 (3129 turns).

Morbidden the Slasher (Demonspawn Fighter)          Turns: 3129, Time: 00:02:46

Health: -1/48      AC: 10    Str: 18    XL:     6   Next: 77%
Magic:  6/6        EV:  9    Int: 10    God:
Gold:   129        SH:  0    Dex: 12    Spells: 5/5 levels left

rFire   . . .      SeeInvis .   a - +0 long sword
rCold   + . .      Faith    .   c - +0 buckler
rNeg    . . .      Spirit   .   b - +0 scale mail
rPois   .          Reflect  .   (helmet restricted)
rElec   .          Harm     .   l - scarf {repulsion}
rCorr   .          Rampage  .   (no gloves)
Will    .....                   (no boots)
Stlth   ..........              f - amulet of magic regeneration
HPRegen 0.16/turn               j - ring of protection from cold
MPRegen 0.50/turn               (no ring)

@: confused, lethally poisoned (-1 -> -11), ambrosia-drunk, repel missiles
A: horns 1, slimy green scales 2
a: no special abilities


You were on level 4 of the Dungeon.
You visited 1 branch of the dungeon, and saw 4 of its levels.

You collected 129 gold pieces.

Inventory:

Hand Weapons
 a - a +0 long sword (weapon)
Armour
 b - a +0 scale mail (worn)
 c - a +0 buckler (worn)
 k - a +2 leather armour of fire resistance
 l - a scarf of repulsion (worn)
Jewellery
 f - an amulet of magic regeneration (around neck)
 j - a ring of protection from cold (left hand)
Wands
 g - a wand of iceblast (10)
Scrolls
 h - a scroll of vulnerability
 n - 2 scrolls of identify
Potions
 d - a potion of might
 e - a potion of magic {unknown}
 i - a potion of ambrosia
 m - a potion of degeneration {unknown}


   Skills:
 + Level 3.8 Fighting
 + Level 4.7 Long Blades
 + Level 4.0 Armour
 + Level 1.0 Dodging
 + Level 0.4 Stealth
 + Level 3.5 Shields


You had 5 spell levels left.
You didn't know any spells.
Your spell library was empty.

Dungeon Overview and Level Annotations

Branches:
Dungeon (4/15)
 Temple: D:4-7

Altars:
Gozag
Wu Jian

Shops:
D:2 [   D:3 [

Annotations:
D:3 3 runed translucent doors, daodarkstar's ghost, weakling DsFi


Innate Abilities, Weirdness & Mutations

You have a pair of small horns on your head.
You are mostly covered in slimy green scales. (AC +3)


Message History

The scorpion stings you but does no damage.
You slash the scorpion!
The scorpion is severely wounded.
You feel sick.
The scorpion stings you but does no damage.
The scorpion stings you.
* * * LOW HITPOINT WARNING * * *
You hit the scorpion. Your headbutt misses the scorpion.
The scorpion is almost dead.
You feel sick. The scorpion stings you.
* * * LOW HITPOINT WARNING * * *
You are lethally poisoned!
The scorpion poisons you!
Unknown command.
It was a potion of ambrosia.
You are confused.
You feel invigorated.
* * * LOW HITPOINT WARNING * * *
You feel very sick. The scorpion barely misses you.
Unknown command.
You hear the slow hiss of a very distant avalanche of sand.
* * * LOW HITPOINT WARNING * * *
You feel very sick. The scorpion barely misses you.
Unknown command.
You feel sick.
You closely miss the scorpion.
The scorpion is almost dead.
You feel sick. The scorpion stings you.
* * * LOW HITPOINT WARNING * * *
You are lethally poisoned!
The scorpion poisons you!
Unknown command.
You closely miss the scorpion. You headbutt the scorpion.
The scorpion is almost dead.
* * * LOW HITPOINT WARNING * * *
You feel very sick. The scorpion stings you!
You die...

.....## ......#
##.....# ##......#
#......# ##.....#
#......## ##.....#
#........###..s..##
#..........#...@.##
#........(........#
.................##
................##
................#
...............#
...............#
..................
.....<.......####.


You could see a scorpion.

Vanquished Creatures
  Sigmund (D:2)
  A black bear (D:4)
  A scorpion (D:4)
  Jessica (D:2)
  4 gnolls
  2 adders (D:3)
  A worm (D:2)
  3 dart slugs (D:2)
  An orc (D:3)
  8 endoplasms
  2 giant cockroaches
  3 goblins
  7 hobgoblins
  4 quokkas
  3 ball pythons (D:1)
  5 bats
  3 frilled lizards
  7 kobolds
  4 rats
61 creatures vanquished.

Notes
Turn   | Place    | Note
-------+----------+-------------------------------------------
     0 | D:1      | Morbidden the Demonspawn Fighter began the quest for the
                  | Orb.
     0 | D:1      | Reached XP level 1. HP: 18/18 MP: 1/1
   479 | D:1      | Gained mutation: You have a pair of small horns on your
                  | head. [demonic ancestry]
   479 | D:1      | Reached XP level 2. HP: 24/24 MP: 2/2
   745 | D:1      | Found a faded altar of an unknown god.
   964 | D:2      | Gained mutation: You are partially covered in slimy green
                  | scales. (AC +2) [demonic ancestry]
   964 | D:2      | Reached XP level 3. HP: 22/29 MP: 3/3
  1640 | D:2      | Reached XP level 4. HP: 35/35 MP: 4/4
  1649 | D:2      | Noticed Jessica
  1671 | D:2      | Killed Jessica
  1964 | D:2      | Found Lued's Armour Shoppe.
  2145 | D:2      | Noticed Sigmund
  2153 | D:2      | Killed Sigmund
  2154 | D:2      | Reached XP level 5. HP: 33/42 MP: 5/5
  2154 | D:2      | Gained mutation: You are mostly covered in slimy green
                  | scales. (AC +3) [demonic ancestry]
  2154 | D:2      | Reached XP level 6. HP: 38/48 MP: 6/6
  2661 | D:3      | Found Ypagonaj's Armour Shoppe.
  2711 | D:3      | Found an opulent altar of Gozag.
  2749 | D:3      | Found a runed translucent gate.
  2750 | D:3      | Found a runed translucent gate.
  2751 | D:3      | Found a runed translucent gate.
  2751 | D:3      | Noticed daodarkstar's ghost (weakling DsFi)
  2782 | D:3      | Found an ornate altar of the Wu Jian Council.
  3106 | D:4      | Reached skill level 1 in Dodging
  3129 | D:4      | Slain by a scorpion

Illustrated notes

Levels and vault maps discovered:
D:1:      saegor_arrival_simple_d, layout_rooms,
          chequers_ecumenical_altar_grove, minmay_misc_feat_tower
D:2:      minmay_chambers_of_ones, layout_rooms, serial_shops, shop,
          uniq_sigmund, uniq_jessica
D:3:      layout_rooms, nzn_wu_jian_contemplation, nicolae_gozag_seed_capital,
          gammafunk_ghost_nasty_kobolds, serial_shops, shop,
          grunt_ministairs_11, st_stairs_7, feat_on_display
D:4:      layout_cave_pods, chequers_ossuary_entry_cave

Skill      XL: |  1  2  3  4  5  6 |
---------------+-------------------+-----
Armour         | 3 4 |  4.0
Long Blades    | 2 4 |  4.7
Shields        | 3 |  3.5
Dodging        | 1 |  1.0
Fighting       | |  3.8
Stealth        | |  0.4

Action                   |  1- 3 |  4- 6 || total
-------------------------+-------+-------++-------
Melee: Long sword        |    88 |   110 ||   198
       Headbutt          |     7 |    23 ||    30
  Use: Scroll            |       |     3 ||     3
       Potion            |       |     1 ||     1
Armor: Scale mail        |    36 |    47 ||    83
Dodge: Dodged            |    44 |    52 ||    96
Block: Buckler           |    25 |    20 ||    45
